 Dungeon Crawl Stone Soup version 0.18.1-1-g2f07953 (webtiles) character file.

196 Ellandar the Chopper (level 5, -3/45 HPs)
             Began as a Minotaur Fighter on Aug 31, 2016.
             Was a Believer of Qazlal.
             Slain by Ellandar's ghost (7 damage)
             ... on level 4 of the Dungeon.
             The game lasted 00:06:51 (2195 turns).

Ellandar the Chopper (Minotaur Fighter)             Turns: 2195, Time: 00:06:51

Health: -3/45      AC:  8    Str: 21    XL:     5   Next: 46%
Magic:  4/4        EV:  7    Int:  5    God:    Qazlal [**....]
Gold:   108        SH: 12    Dex: 10    Spells: 0 memorised, 4 levels left

rFire  . . .     SeeInvis .     n - +2 hand axe (flame)
rCold  . . .     Gourm    .     b - +0 scale mail
rNeg   . . .     Faith    .     c - +0 shield
rPois  +         Spirit   .     (helmet restricted)
rElec  .         Dismiss  .     (no cloak)
rCorr  .         Reflect  .     (no gloves)
SustAt .         Harm     .     q - +0 pair of boots
MR     .....                    (no amulet)
Stlth  ..........               (no ring)
                                (no ring)

@: not resistant to hostile enchantments, extremely unstealthy
A: retaliatory headbutt, horns 2, poison resistance
a: Upheaval, Renounce Religion


You were on level 4 of the Dungeon.
You worshipped Qazlal.
Qazlal was pleased with you.
You were not hungry.

You visited 1 branch of the dungeon, and saw 4 of its levels.

You collected 108 gold pieces.

Inventory:

Hand Weapons
 a - a +0 war axe
 n - a +2 hand axe of flaming (weapon)
Missiles
 k - 5 javelins
 l - 6 tomahawks of dispersal (quivered)
Armour
 b - a +0 scale mail (worn)
 c - a +0 shield (worn)
 q - a +0 pair of boots (worn)
Scrolls
 e - 8 scrolls of identify
 g - 2 scrolls of enchant armour {unknown}
 h - 3 scrolls of recharging {unknown}
 j - a scroll of blinking {unknown}
 t - 2 scrolls of random uselessness {unknown}
 u - a scroll of fog {unknown}
 v - a scroll of immolation {unknown}
 x - 2 scrolls of remove curse
Potions
 d - 2 potions of might
 i - a potion of agility
 m - a potion of invisibility
 s - a potion of berserk rage
 w - a potion of brilliance {unknown}
 z - a potion of degeneration {unknown}
 A - 2 potions of ambrosia {unknown}
Comestibles
 f - 3 bread rations
 o - a meat ration
 p - a fruit
 r - a slice of pizza
 B - a beef jerky
 C - 2 chunks of flesh


   Skills:
 - Level 3.6 Fighting
 * Level 7.0 Axes
 - Level 3.6 Armour
 - Level 3.6 Shields


You had 4 spell levels left.
You didn't know any spells.

Dungeon Overview and Level Annotations

Branches:
Dungeon (4/15)             Temple (0/1) D:4

Altars:
Dithmenos
Pakellas
Qazlal
The Shining One

Annotations:
D:3 exclusion: downstairs
D:4 Ellandar's ghost, novice MiFi


Innate Abilities, Weirdness & Mutations

You reflexively headbutt those who attack you in melee.
You have a pair of horns on your head.
Your system is resistant to poisons.


Message History

Ellandar's ghost is moderately damaged.
Ellandar's ghost hits you.
You hit Ellandar's ghost. You burn Ellandar's ghost.
Ellandar's ghost is heavily damaged.
Ellandar's ghost hits you.
* * * LOW HITPOINT WARNING * * *
You hit Ellandar's ghost but do no damage.
Ellandar's ghost is heavily damaged.
Ellandar's ghost hits you!
* * * LOW HITPOINT WARNING * * *
You hit Ellandar's ghost but do no damage.
Ellandar's ghost is moderately damaged.
You block Ellandar's ghost's attack.
A goblin comes into view.
The goblin shouts!
You slash Ellandar's ghost! You burn Ellandar's ghost.
You headbutt Ellandar's ghost.
Ellandar's ghost is severely damaged.
Ellandar's ghost hits you!
You die...

≈≈## ... ≈≈≈# ....
≈≈## #..#########≈≈#
#...g......#≈≈##
#..........'...#
#..........'...#
#.......)W§'...#
#....)..((@#≈≈(# ##
#..#########≈≈(# #. #
#..≈≈≈.(# #. +..≈≈≈<.#
#. #gg≈≈.(.###### #.
#h.≈≈(((.....# ##.
.....≈≈.....##... ##..
....≈≈≈...#.## ......
≈≈≈≈≈≈#####..####.....


You could see Ellandar's ghost and a goblin.

Vanquished Creatures
  A howler monkey (D:4)
  A worker ant (D:4)
  3 adders
  A white imp (D:4)
  An ooze (D:1)
  2 adder skeletons (D:4)
  4 worms
  A dart slug (D:1)
  A giant gecko (D:3)
  5 orcs (D:3)
  2 giant cockroaches (D:1)
  11 goblins
  5 hobgoblins
  6 jackals
  9 bats
  6 giant newts
  A goblin skeleton (D:4)
  2 goblin zombies (D:4)
  A hobgoblin zombie (D:4)
  3 kobolds
  A kobold skeleton (D:4)
  3 orc zombies (D:4)
  4 rats
74 creatures vanquished.

Notes
Turn   | Place    | Note
--------------------------------------------------------------
     0 | D:1      | Ellandar the Minotaur Fighter began the quest for the Orb.
     0 | D:1      | Reached XP level 1. HP: 19/19 MP: 0/0
    96 | D:1      | Reached skill level 3 in Axes
   171 | D:1      | Reached XP level 2. HP: 26/26 MP: 1/1
   589 | D:2      | Reached skill level 4 in Axes
   658 | D:2      | Reached XP level 3. HP: 28/31 MP: 2/2
   761 | D:2      | Found a stormy altar of Qazlal.
   765 | D:2      | Noticed an air elemental
   766 | D:2      | Noticed an earth elemental
   766 | D:2      | Noticed a water elemental
   766 | D:2      | Noticed a fire elemental
   771 | D:2      | Became a worshipper of Qazlal Stormbringer
   779 | D:2      | Gained mutation: Your system is resistant to poisons. [potion of beneficial mutation]
  1198 | D:3      | Reached skill level 5 in Axes
  1439 | D:3      | Reached XP level 4. HP: 38/39 MP: 3/3
  1462 | D:3      | Reached * piety under Qazlal
  1499 | D:3      | Found a faded altar to an unknown god.
  1673 | D:4      | Noticed Ellandar's ghost (novice MiFi)
  1697 | D:4      | Found an oddly glowing altar of Pakellas.
  1701 | D:4      | Found a staircase to the Ecumenical Temple.
  1734 | D:4      | Found a glowing golden altar of the Shining One.
  1781 | D:4      | Reached skill level 6 in Axes
  1890 | D:4      | Reached XP level 5. HP: 33/45 MP: 4/4
  2025 | D:4      | Found a shadowy altar of Dithmenos.
  2177 | D:4      | Reached skill level 7 in Axes
  2186 | D:4      | Reached ** piety under Qazlal
  2195 | D:4      | Slain by Ellandar's ghost

Skill      XL: |  1  2  3  4  5 |
---------------+----------------+-----
Axes           | 3 4 5 6 7 |  7.0
Fighting       | |  3.6
Armour         | |  3.6
Shields        | |  3.6

Action                   |  1- 3 |  4- 6 || total
-------------------------+-------+-------++-------
Melee: War axe           |    59 |       ||    59
       Headbutt          |    10 |     9 ||    19
       Hand axe          |    20 |    95 ||   115
  Use: Scroll            |     6 |       ||     6
       Potion            |     1 |       ||     1
  Eat: Chunk             |     2 |     2 ||     4
Armor: Scale mail        |    46 |    32 ||    78
Dodge: Dodged            |    25 |    25 ||    50
Block: Shield            |    39 |    39 ||    78
